Map: Frozen Temple

Players

DonKeyKonG - Winner!

  • Race: Protoss Protoss
  • League: Diamond

Gracz

  • Race: Terran Terran
  • League: Silver

VOD

Have the link to the VOD?

Description

Time

  • Played on: Oct. 23, 2016, 12:53 p.m.
  • Length: 9:50
Show
View Real Time Build Order
Export as new Build Order

DonKeyKonG Protoss - Winner!

Build Orders:  

Get SALT Encoding   

  12  0:02  Probe (Chrono Boost)  
  13  0:12  Probe (Chrono Boost)  
  14  0:19  Pylon  
  14  0:24  Probe (Chrono Boost)  
  15  0:38  Probe (Chrono Boost), Gateway  
  16  0:48  Probe (Chrono Boost)  
  17  0:50  Assimilator  
  17  0:55  Assimilator  
  17  0:59  Probe (Chrono Boost)  
  18  1:09  Probe (Chrono Boost)  
  19  1:16  Pylon  
  19  1:22  Gateway  
  19  1:27  Cybernetics Core  
  19  1:30  Probe (Chrono Boost)  
  20  1:40  Probe (Chrono Boost)  
  21  1:51  Probe (Chrono Boost), Warp Gate  
  22  2:05  Pylon  
  22  2:10  Adept x2  
  28  2:16  Mothership Core (Chrono Boost)  
  28  2:35  Probe (Chrono Boost)  
  29  2:53  Unknown, Nexus  
  29  2:55  Pylon  
  29  2:58  Stalker x2  
  33  3:24  Probe (Chrono Boost)  
  34  3:36  Probe (Chrono Boost)  
  35  3:41  Robotics Facility  
  35  3:43  Gateway  
  36  3:48  Probe (Chrono Boost)  
  36  3:52  Pylon  
  36  3:59  Probe (Chrono Boost)  
  37  4:05  Unknown  
  37  4:10  Stalker x2  
  37  4:32  Probe x2 (Chrono Boost)  
  37  4:35  Immortal  
  43  4:38  Assimilator  
  43  4:40  Assimilator  
  43  4:42  Stalker x2, Probe x2 (Chrono Boost)  
  47  5:01  Stalker  
  47  5:03  Probe x2 (Chrono Boost)  
  53  5:14  Probe x2 (Chrono Boost), Immortal  
  53  5:18  Sentry  
  53  5:19  Sentry  
  61  5:25  Sentry  
  63  5:37  Probe x2 (Chrono Boost)  
  65  5:48  Sentry, Probe x2 (Chrono Boost)  
  69  5:58  Probe (Chrono Boost)  
  69  6:03  Unknown, Nexus  
  70  6:05  Pylon  
  70  6:23  Pylon, Probe x2 (Chrono Boost), Immortal  
  70  6:24  Forge  
  76  6:33  Probe x2 (Chrono Boost)  
  78  6:44  Probe (Chrono Boost)  
  79  6:49  Probe (Chrono Boost)  
  80  6:54  Probe (Chrono Boost)  
  80  6:57  Protoss Ground Weapons Level 1, Gateway  
  80  6:58  Gateway  
  80  7:00  Probe (Chrono Boost), Gateway  
  82  7:04  Gateway, Immortal  
  86  7:15  Unknown, Probe (Chrono Boost)  
  88  7:17  Probe (Chrono Boost)  
  88  7:21  Sentry x3  
  94  7:26  Probe (Chrono Boost)  
  94  7:29  Probe (Chrono Boost)  
  96  7:31  Probe (Chrono Boost)  
  96  7:36  Probe (Chrono Boost)  
  98  7:38  Gateway  
  98  7:39  Gateway  
  98  7:41  Probe (Chrono Boost)  
  98  7:43  Probe (Chrono Boost)  
  100  7:47  Probe (Chrono Boost)  
  101  7:52  Pylon  
  101  7:56  Pylon  
  101  8:00  Pylon  
  101  8:03  Pylon  
  101  8:10  Warp Prism  
  103  8:15  Stalker x2  
  103  8:16  Stalker x4  
  103  8:17  Stalker  
  117  8:24  Probe (Chrono Boost)  
  117  8:25  Probe (Chrono Boost)  
  117  8:32  Twilight Council  
  117  8:35  Pylon  
  117  8:36  Pylon  
  117  8:38  Probe x2 (Chrono Boost)  
  117  8:40  Probe (Chrono Boost)  
  120  8:41  Stalker x2  
  120  8:42  Stalker x2  
  128  8:57  Observer  
  129  9:10  Adept x3  
  129  9:11  Adept x6  
  147  9:19  Assimilator  
  147  9:21  Assimilator  
  147  9:27  Pylon  
  147  9:28  Pylon  
  143  9:38  Adept x4  
  131  9:39  Adept x3  
Show
View Real Time Build Order
Export as new Build Order

Gracz Terran 

Build Orders:  

Get SALT Encoding   

  13  0:12  SCV  
  13  0:18  Supply Depot  
  13  0:22  Refinery  
  13  0:42  Barracks  
  13  0:43  SCV  
  14  0:55  SCV  
  15  1:07  SCV  
  16  1:16  Refinery  
  16  1:19  SCV  
  16  1:23  Barracks  
  17  1:29  Supply Depot  
  17  1:38  Reaper  
  18  1:43  SCV  
  19  1:58  Orbital Command  
  19  2:12  Factory  
  19  2:17  Barracks Reactor  
  19  2:34  SCV  
  20  2:46  Barracks Reactor  
  20  2:58  SCV  
  21  2:59  Starport, Reaper  
  22  3:09  Reaper  
  22  3:10  SCV  
  24  3:29  SCV  
  24  3:33  Reaper  
  24  3:34  Reaper  
  27  3:37  Reaper  
  28  3:50  Reaper  
  28  3:53  Unknown, Command Center  
  29  3:59  SCV  
  30  4:06  Reaper  
  31  4:11  Supply Depot  
  31  4:16  Reaper  
  29  4:32  Reaper x2  
  29  4:37  Factory Tech Lab  
  29  4:38  Reaper  
  31  4:59  Reaper  
  32  5:04  Unknown  
  32  5:05  SCV, Reaper  
  35  5:07  Refinery  
  35  5:09  Orbital Command  
  34  5:16  Starport Reactor  
  34  5:17  SCV  
  35  5:23  Starport  
  35  5:30  SCV  
  36  5:42  SCV  
  36  5:48  Marine x2  
  36  5:49  Marine x2  
  35  5:56  Barracks  
  35  5:59  Barracks, Starport Reactor  
  35  6:04  Factory  
  35  6:08  Siege Tank  
  38  6:12  Marine  
  38  6:13  Marine x2  
  38  6:14  Marine  
  38  6:16  SCV x2  
  44  6:24  Supply Depot  
  44  6:28  SCV x2  
  46  6:33  Medivac  
  48  6:40  SCV x2  
  50  6:52  SCV x2  
  52  6:55  Refinery  
  52  6:56  Marine x2  
  52  6:57  Marine x2  
  52  6:58  Barracks Tech Lab  
  52  6:59  Barracks Tech Lab  
  56  7:02  Factory Tech Lab  
  56  7:10  SCV x2  
  58  7:18  Engineering Bay  
  58  7:20  Marine x2  
  58  7:21  Marine x2, Engineering Bay  
  62  7:28  Supply Depot  
  62  7:49  Siege Tank x2, SCV x2  
  70  8:14  Marine x4, Medivac x4, SCV  
  70  8:16  Supply Depot  
  70  8:17  Supply Depot  
  83  8:49  Liberator  
  83  8:56  Cyclone x2  
  91  9:03  Marine x2  
  91  9:05  Marine x2  
  91  9:09  Marauder  
  102  9:10  Marauder  
  102  9:27  Marine x2  
Tags
 
Add a new tag
Caveats
  • Supply blocks, unpowered buildings, or Contaminate may cause inaccurate times.
  • Supply counts are checked every 10 seconds.